 Dungeon Crawl Stone Soup version 0.22-a0-422-g9628fc87f1 (webtiles) character file.

54598 Manul the Unseen (level 14, 0/108 HPs)
             Began as a Spriggan Abyssal Knight on May 13, 2018.
             Was a High Priest of Lugonu.
             Slain by a killer bee (1 damage)
             ... on level 5 of the Lair of Beasts on May 18, 2018.
             The game lasted 00:50:02 (33992 turns).

Manul the Unseen (Spriggan Abyssal Knight)         Turns: 33992, Time: 00:50:02

Health: 0/108      AC:  5    Str: 13    XL:     14   Next: 35%
Magic:  18/18      EV:  4    Int: 17    God:    Lugonu [*****.]
Gold:   1898       SH:  0    Dex: 17    Spells: 13/13 levels left

rFire    . . .     SeeInvis +   Z - +9 quick blade of Responsibility {drain, rElec Int+3 Dex-3}
rCold    . . .     Gourm    .   o - +0 buckler
rNeg     + + +     Faith    .   b - +0 robe
rPois    ∞         Spirit   .   (helmet restricted)
rElec    +         Reflect  .   y - +2 cloak
rCorr    .         Harm     .   (gloves unavailable)
MR       ++...                  (boots unavailable)
Stlth    ..........             v - amulet of the acrobat
HPRegen  0.28/turn              Q - ring of positive energy
MPRegen  0.16/turn              t - ring of stealth

@: berserking (expiring), lethally poisoned (0 -> 0), petrified, very slightly
contaminated, very quick
A: very small, unfitting armour, see invisible, herbivore, speed 3, slow
metabolism 2
a: Depart the Abyss, Bend Space, Banish, Corrupt, Enter the Abyss, Renounce
Religion


You were on level 5 of the Lair of Beasts.
You worshipped Lugonu.
Lugonu was extremely pleased with you.
You were not hungry.

You visited 3 branches of the dungeon, and saw 20 of its levels.
You visited the Abyss 2 times.
You also visited: Labyrinth, Ossuary and Ice Cave.

You collected 2108 gold pieces.
You spent 210 gold pieces at shops.

Inventory:

Hand Weapons
 d - a +1 dagger of distortion
 A - the +2 falchion of Nightmares {freeze, rC- Int+3 Dex+2}
   (You found it on level 5 of the Dungeon)

   It has been specially enchanted to freeze those struck by it, causing extra
   injury to most foes and up to half again as much damage against particularly
   susceptible opponents.
   It can also slow down cold-blooded creatures.
   It affects your intelligence (+3).
   It affects your dexterity (+2).
   It makes you vulnerable to cold.
 Z - the +9 quick blade of Responsibility (weapon) {drain, rElec Int+3 Dex-3}
   (You acquired it on level 4 of the Lair of Beasts)

   A truly terrible weapon, it drains the life of those it strikes.
   It affects your intelligence (+3).
   It affects your dexterity (-3).
   It insulates you from electricity.
Missiles
 m - 6 throwing nets (quivered)
Armour
 b - a +0 robe (worn)
 o - a +0 buckler (worn)
 y - a +2 cloak (worn)
Jewellery
 j - an uncursed ring of flight
 t - a ring of stealth (right hand)
 v - an amulet of the acrobat (around neck)
 H - an uncursed ring of positive energy
 M - an uncursed amulet of harm {unknown}
 Q - a ring of positive energy (left hand)
 W - an uncursed ring of protection from cold
Wands
 a - a wand of acid (2)
 f - a wand of paralysis (2)
 l - a wand of disintegration (8)
 s - a wand of flame (31)
 E - a wand of iceblast (4)
 G - a wand of scattershot (14)
 I - a wand of digging (30)
Scrolls
 e - a scroll of silence
 g - 11 scrolls of teleportation
 i - 5 scrolls of remove curse
 q - 7 scrolls of fear
 B - a scroll of enchant armour
 L - a scroll of enchant weapon
 N - 2 scrolls of magic mapping
 P - 4 scrolls of holy word
 U - 2 scrolls of identify
 Y - a scroll of acquirement
Potions
 h - 8 potions of curing
 k - a potion of agility {unknown}
 n - 6 potions of might {unknown}
 p - 2 potions of resistance
 r - 4 potions of haste {unknown}
 u - 2 potions of mutation {unknown}
 w - a potion of heal wounds
 z - a potion of berserk rage
 C - 2 potions of cancellation
 D - 5 potions of flight
 F - 3 potions of brilliance {unknown}
 J - 3 potions of lignification
 K - a potion of ambrosia {unknown}
 T - 2 potions of invisibility
 X - 2 potions of magic {unknown}
Comestibles
 c - 13 rations


   Skills:
 + Level 7.2 Fighting
 + Level 10.5 Short Blades
 - Level 0.1 Throwing
 + Level 15.6 Dodging
 + Level 20.0 Stealth
 - Level 9.5 Shields
 + Level 3.9 Invocations
 + Level 4.3 Evocations


You had 13 spell levels left.
You didn't know any spells.
Your spell library contained the following spells:

 Spells                   Type           Power        Failure   Level  Hunger
 Magic Dart               Conj           #...         24%         1    ##.....
 Fireball                 Conj/Fire      #.........   100%        5    ######.
 Conjure Flame            Conj/Fire      #.......     56%         3    ####...
 Lightning Bolt           Conj/Air       #.........   100%        5    ######.
 Bolt of Magma            Conj/Fire/Erth #.........   100%        5    ######.
 Slow                     Hex            #.......     34%         2    ###....
 Confuse                  Hex            #.......     56%         3    ####...
 Throw Flame              Conj/Fire      #.....       34%         2    ###....
 Throw Frost              Conj/Ice       #.....       34%         2    ###....
 Freezing Cloud           Conj/Ice/Air   #.........   100%        6    #######
 Mephitic Cloud           Conj/Pois/Air  #.......     56%         3    ####...
 Ring of Flames           Chrm/Fire      #.........   100%        7    #######
 Venom Bolt               Conj/Pois      #.........   100%        5    ######.
 Blink                    Tloc           N/A          34%         2    ###....
 Summon Horrible Things   Summ           #.........   100%        8    #######
 Animate Dead             Necr           N/A          93%         4    #####..
 Freeze                   Ice            #...         24%         1    ##.....
 Sticky Flame             Conj/Fire      #.......     93%         4    #####..
 Summon Ice Beast         Ice/Summ       #.......     93%         4    #####..
 Ozocubu's Armour         Chrm/Ice       #.......     56%         3    ####...
 Call Imp                 Summ           #.......     34%         2    ###....
 Summon Greater Demon     Summ           #.........   100%        7    #######
 Iron Shot                Conj/Erth      #.........   100%        6    #######
 Shock                    Conj/Air       #...         24%         1    ##.....
 Swiftness                Chrm/Air       #.......     34%         2    ###....
 Recall                   Summ/Tloc      N/A          56%         3    ####...
 Death Channel            Necr           #.........   100%        6    #######
 Throw Icicle             Conj/Ice       #.......     93%         4    #####..
 Airstrike                Air            #.........   93%         4    #####..
 Shadow Creatures         Summ           N/A          100%        6    #######
 Flame Tongue             Conj/Fire      #....        24%         1    ##.....
 Call Canine Familiar     Summ           #.......     56%         3    ####...
 Ensorcelled Hibernation  Hex/Ice        #.....       34%         2    ###....
 Metabolic Englaciation   Hex/Ice        #.........   100%        5    ######.
 Summon Butterflies       Summ           #.......     24%         1    ##.....
 Silence                  Hex/Air        #.........   100%        5    ######.
 Static Discharge         Conj/Air       #.......     56%         3    ####...
 Simulacrum               Ice/Necr       #.........   100%        6    #######
 Portal Projectile        Hex/Tloc       #.....       56%         3    ####...
 Monstrous Menagerie      Summ           #.........   100%        7    #######
 Petrify                  Tmut/Erth      #.......     93%         4    #####..
 Orb of Destruction       Conj           #.........   100%        7    #######
 Malign Gateway           Summ/Tloc      #.........   100%        7    #######
 Summon Hydra             Summ           #.........   100%        7    #######
 Darkness                 Hex            #.........   100%        6    #######
 Inner Flame              Hex/Fire       #.......     56%         3    ####...
 Iskenderun's Battlesphe  Conj/Chrm      #.......     100%        5    ######.
 Fulminant Prism          Conj/Hex       #.........   93%         4    #####..
 Spellforged Servitor     Conj/Summ      #.........   100%        7    #######
 Summon Mana Viper        Hex/Summ       #.......     100%        5    ######.
 Poisonous Vapours        Pois/Air       #.....       34%         2    ###....
 Borgnjor's Vile Clutch   Necr/Erth      #.........   100%        5    ######.


Dungeon Overview and Level Annotations

Branches:
Dungeon (13/15)            Temple (0/1) D:5            Lair (5/6) D:10
 Shoals (0/4) Lair:4       Spider (0/4) Lair:3          Orc (2/2) D:9
    Elf (0/3) Orc:2        Vaults (0/5) D:13
  Slime: Lair:5-6

Altars:
Ashenzari
Cheibriados
Dithmenos
Elyvilon
Fedhas
Gozag
Makhleb
Qazlal
Uskayaw
Vehumet
Wu Jian
Yredelemnul
Zin
The Shining One

Shops:
D:4 [   D:5 (   D:8 (   D:10 %   Orc:1 (   Orc:2 ?([=

Annotations:
D:8 Maurice
Abyss:1 Fannar, Josephine


Innate Abilities, Weirdness & Mutations

You are very small and have problems with some larger weapons.
You are too small for most types of armour.
You have supernaturally acute eyesight. (SInv)
You are a herbivore.
You cover ground extremely quickly.
You need to consume almost no food.


Message History

The killer bee buzzes angrily.
The killer bee stings you.
* * * LOW HITPOINT WARNING * * *
The spiny frog stings you but does no damage.
The killer bee stings you but does no damage.
The killer bee stings you.
* * * LOW HITPOINT WARNING * * *
The killer bee stings you!
* * * LOW HITPOINT WARNING * * *
The killer bee stings you!
* * * LOW HITPOINT WARNING * * *
The spiny frog stings you.
* * * LOW HITPOINT WARNING * * *
The killer bee stings you but does no damage.
A blink frog comes into view.
The killer bee stings you but does no damage.
The killer bee stings you!
* * * LOW HITPOINT WARNING * * *
The killer bee stings you.
You die...

.#..+#..##P§.............
....................[...
.......$................
....?...................
.........F............
.....................
.............Py#..y#
.....#.#y##..)#Fyy.#
..#P.F...###..##@y#
#....... .###......#
........ .......#
........ P......##
........ ##..#.###
........ .##### ........
# ........ ......y.
......Y§


You could see a spiny frog, a blink frog and 5 killer bees.

Vanquished Creatures
  A minotaur (Lab)
  An ettin (Orc:1)
  3 hydras
  Harold (Lair:2)
  A centaur warrior (D:13)
  3 two-headed ogres
  A catoblepas (Lair:5)
  2 satyrs (Abyss:3)
  A death yak (IceCv)
  An orc high priest (Orc:2)
  A swamp dragon (Abyss:3)
  Pikel (D:5)
  2 orc knights
  6 orc sorcerers
  A cyclops (D:12)
  A manticore (Lair:4)
  An elephant (Lair:3)
  An ice statue (IceCv)
  A torpor snail (Lair:3)
  4 spiny frogs
  3 gargoyles
  4 komodo dragons
  A rime drake (Lair:4)
  2 jumping spiders (Lair:3)
  11 polar bears
  Prince Ribbit (D:8)
  2 tyrant leeches
  5 hippogriffs
  3 slime creatures (D:13)
  7 blink frogs
  7 wraiths
  A vampire (D:10)
  A shadow (Abyss:4)
  2 redbacks (Lab)
  Grum (D:8)
  4 hungry ghosts
  A steam dragon (D:11)
  18 yaks
  2 wargs
  A soldier ant (D:12)
  An acid dragon (D:13)
  5 swamp worms (Lair:3)
  6 porcupines
  7 water moccasins
  12 orc warriors
  6 ice beasts
  2 slaves (D:5)
  3 sky beasts
  A necrophage (D:11)
  A black bear (Lair:5)
  7 centaurs
  18 wolves
  12 ogres
  6 crocodiles
  3 big kobolds
  2 elf zombies (Ossuary)
  10 bullfrogs
  A wyvern zombie (D:10)
  A water moccasin zombie (D:9)
  3 scorpions
  43 killer bees
  4 wights (D:13)
  4 howler monkeys
  8 crimson imps
  A bullfrog zombie (D:12)
  5 hounds
  4 jellies
  13 orc priests
  4 bullfrog skeletons
  Crazy Yiuf (D:4)
  20 orc wizards
  2 centaur skeletons
  Ijyb (D:3)
  An iguana (D:6)
  13 worker ants
  A killer bee zombie (D:8)
  A big kobold zombie (Ossuary)
  3 hound zombies
  2 mummies (Ossuary)
  A worker ant zombie (D:9)
  A howler monkey skeleton (D:5)
  8 adders
  3 gnolls (D:3)
  6 river rats (Lair:5)
  3 shadow imps
  An adder zombie (Ossuary)
  2 worms
  3 dart slugs
  5 leopard geckos
  39 orcs
  7 bats
  6 giant cockroaches
  5 goblins
  4 hobgoblins
  4 jackals
  4 quokkas
  4 frilled lizards (D:1)
  A goblin zombie (Ossuary)
  6 hobgoblin zombies (Ossuary)
  43 kobolds
  8 kobold zombies (Ossuary)
  10 orc zombies (Ossuary)
  A quokka zombie (D:5)
  5 rats
  3 rat zombies (Ossuary)
532 creatures vanquished.

Vanquished Creatures (others)
  A two-headed ogre (D:10)
  The ghost of Manul the Carver, a novice DsGl of Gozag (D:8)
  2 orc high priests (Orc:2)
  2 orc knights (Orc:2)
  4 elephants (Lair:3)
  A gargoyle (Lab)
  2 spiny frogs (Lair:3)
  A centaur skeleton (D:13)
  2 komodo dragons (Lair:2)
  4 polar bears (IceCv)
  A jumping spider (Lair:3)
  A troll (Orc:2)
  3 tyrant leeches (Lair:3)
  2 slime creatures
  12 yaks
  A wyvern (Lair:4)
  3 hungry ghosts
  A warg (Orc:2)
  3 orc warriors
  A slave (D:5)
  2 ogres
  4 wolves
  A centaur (D:11)
  A bullfrog (Lair:1)
  A wyvern zombie (D:10)
  A howler monkey (D:5)
  A crimson imp (D:11)
  A bullfrog zombie (D:9)
  2 centaur zombies (D:10)
  A jelly (D:5)
  2 orc wizards
  3 orc priests
  2 worker ants
  2 worker ant zombies
  A gnoll (D:3)
  2 adders
  A shadow imp (D:6)
  2 adder skeletons
  4 orcs
  A jackal (D:3)
  2 hobgoblin zombies (Ossuary)
  2 kobolds
  An orc zombie (Ossuary)
  17 fungi
  9 plants
114 creatures vanquished.

Grand Total: 646 creatures vanquished

Notes
Turn   | Place    | Note
-------+----------+-------------------------------------------
     0 | Abyss:1  | Manul the Spriggan Abyssal Knight began the quest for the Orb.
     0 | Abyss:1  | Reached XP level 1. HP: 11/11 MP: 3/3
    71 | Abyss:3  | Noticed a worldbinder
    85 | Abyss:4  | Noticed a starcursed mass
   121 | Abyss:4  | Noticed an ancient zyme
   121 | Abyss:4  | Identified a scroll of acquirement
   124 | Abyss:4  | Noticed a ynoxinul
   132 | Abyss:4  | Noticed a smoke demon
   141 | D:1      | Escaped the Abyss
   351 | D:1      | Reached XP level 2. HP: 4/16 MP: 4/4
   372 | D:1      | Reached * piety under Lugonu
   962 | D:1      | Reached XP level 3. HP: 15/19 MP: 5/5
  1337 | D:2      | Found a glowing golden altar of the Shining One.
  1703 | D:2      | Reached XP level 4. HP: 12/24 MP: 6/6
  2288 | D:3      | Noticed Ijyb
  2403 | D:3      | Reached ** piety under Lugonu
  2457 | D:3      | Paralysed by Ijyb for 4 turns
  2463 | D:3      | Reached skill level 5 in Dodging
  2463 | D:3      | Reached skill level 1 in Stealth
  2470 | D:3      | Paralysed by Ijyb for 2 turns
  2478 | D:3      | Killed Ijyb
  2478 | D:3      | Reached XP level 5. HP: 21/28 MP: 7/7
  2526 | D:3      | Found an ornate altar of the Wu Jian Council.
  3402 | D:3      | Found a burning altar of Makhleb.
  3403 | D:3      | Found a radiant altar of Vehumet.
  3408 | D:3      | Reached skill level 3 in Stealth
  3408 | D:3      | Reached XP level 6. HP: 32/32 MP: 8/8
  3651 | D:4      | Found Gifor's Antique Armour Shop.
  3924 | D:4      | Found a runed door.
  3959 | D:4      | Found a white marble altar of Elyvilon.
  4009 | D:4      | Reached skill level 4 in Stealth
  4034 | D:4      | Reached skill level 5 in Short Blades
  4034 | D:4      | Reached skill level 5 in Stealth
  4034 | D:4      | Reached XP level 7. HP: 16/36 MP: 9/9
  4360 | D:4      | Noticed Crazy Yiuf
  4364 | D:4      | Killed Crazy Yiuf
  4405 | D:5      | Entered Level 5 of the Dungeon
  4448 | D:5      | Found a glowing silver altar of Zin.
  4577 | D:5      | Reached skill level 6 in Stealth
  4600 | D:5      | Found Deot's Weapon Emporium.
  4605 | D:5      | Reached skill level 1 in Shields
  4608 | D:5      | Found a staircase to the Ecumenical Temple.
  4739 | D:5      | Got a pitted falchion
  4740 | D:5      | Identified the +2 falchion of Nightmares {freeze, rC- Int+3 Dex+2} (You found it on level 5 of the Dungeon)
  4801 | D:5      | Noticed Pikel
  4857 | D:5      | Killed Pikel
  4857 | D:5      | Reached skill level 8 in Stealth
  4857 | D:5      | Reached XP level 8. HP: 15/42 MP: 10/10
  5295 | D:5      | Reached *** piety under Lugonu
  5352 | D:5      | Found a shadowy altar of Dithmenos.
  5542 | D:5      | Reached skill level 9 in Stealth
  5823 | D:6      | Reached skill level 10 in Stealth
  6271 | D:6      | Reached XP level 9. HP: 45/45 MP: 11/11
  6287 | D:6      | Reached skill level 11 in Stealth
  7524 | D:6      | Reached skill level 12 in Stealth
  7927 | D:6      | Found a shadowy altar of Dithmenos.
  8085 | D:6      | Reached **** piety under Lugonu
  8644 | D:7      | Found a sand-covered staircase.
  8650 | Ossuary  | Entered an ossuary
  8988 | D:7      | Found a snail-covered altar of Cheibriados.
  9557 | D:7      | Reached skill level 1 in Evocations
  9559 | D:7      | Reached XP level 10. HP: 30/51 MP: 12/12
  9563 | D:7      | Reached ***** piety under Lugonu
  9594 | D:7      | Found a blossoming altar of Fedhas.
  9992 | D:7      | Found a shattered altar of Ashenzari.
 10272 | D:8      | Found Ywkiddus's Weapon Boutique.
 10337 | D:8      | Noticed Grum
 10350 | D:8      | Killed Grum
 10368 | D:8      | Noticed Manul's ghost (novice DsGl)
 10744 | D:8      | Banished Manul's ghost
 10768 | D:8      | Reached skill level 5 in Shields
 10810 | D:8      | Noticed Prince Ribbit
 10814 | D:8      | Killed Prince Ribbit
 10861 | D:8      | Noticed Maurice
 11194 | D:9      | Reached skill level 13 in Stealth
 11212 | D:9      | Reached skill level 5 in Fighting
 11273 | D:9      | Found a basalt altar of Yredelemnul.
 11277 | D:9      | Found an opulent altar of Gozag.
 11298 | D:9      | Found a staircase to the Orcish Mines.
 11539 | D:9      | Reached skill level 10 in Dodging
 11754 | D:9      | Found a hide-covered altar of Uskayaw.
 12072 | D:10     | Entered Level 10 of the Dungeon
 12163 | D:10     | Found a staircase to the Lair.
 12182 | D:10     | Noticed a two-headed ogre
 12186 | D:10     | Killed a two-headed ogre
 12186 | D:10     | Reached XP level 11. HP: 55/55 MP: 13/13
 12436 | D:10     | Noticed a two-headed ogre
 12952 | D:10     | Found Woerea Migg's Food Emporium.
 12978 | D:10     | Banished a two-headed ogre
 12978 | D:10     | Reached skill level 14 in Stealth
 14098 | D:11     | Noticed a two-headed ogre
 14247 | D:11     | Killed a two-headed ogre
 14611 | D:11     | Noticed a six-headed hydra
 14622 | D:11     | Banished a six-headed hydra
 14960 | D:11     | Noticed Fannar
 14969 | D:11     | Banished Fannar
 15229 | D:12     | Noticed Josephine
 15293 | D:12     | Found a stormy altar of Qazlal.
 15308 | D:12     | Found a labyrinth entrance.
 15326 | Lab      | Entered a labyrinth
 15388 | Lab      | Found an exit through the horrors of the Abyss.
 15463 | Lab      | Reached skill level 15 in Stealth
 15871 | Lab      | Found an exit through the horrors of the Abyss.
 16362 | Lab      | Noticed a minotaur
 16375 | Lab      | Killed a minotaur
 16377 | Lab      | Identified Wocack's Reference Book on Enchantment and Transmigration
 16400 | D:12     | Noticed a seven-headed hydra
 16420 | D:12     | Upgraded the game from 0.22-a0-414-gacd343e8ff to 0.22-a0-422-g9628fc87f1
 16479 | D:12     | Noticed a two-headed ogre
 16482 | D:12     | Reached XP level 12. HP: 60/60 MP: 15/15
 16657 | D:12     | Killed a two-headed ogre
 17296 | D:12     | Reached skill level 16 in Stealth
 17543 | D:12     | Killed a seven-headed hydra
 17564 | D:12     | Banished Josephine
 17642 | D:12     | You fall through a shaft!
 17645 | D:13     | Found a gate to the Vaults.
 18118 | D:13     | Reached ****** piety under Lugonu
 18128 | D:13     | Noticed a centaur warrior
 18131 | D:13     | Killed a centaur warrior
 18793 | D:13     | Noticed a death knight
 19264 | Orc:1    | Entered Level 1 of the Orcish Mines
 19388 | Orc:1    | Found a frozen archway.
 19393 | IceCv    | Entered an ice cave
 20568 | IceCv    | Noticed a death yak
 21068 | IceCv    | Killed a death yak
 21477 | IceCv    | Noticed a death yak
 21477 | IceCv    | Noticed a frost giant
 21776 | IceCv    | Reached XP level 13. HP: 65/65 MP: 16/16
 22276 | IceCv    | Banished a frost giant
 22338 | Orc:1    | Noticed an ettin
 22341 | Orc:1    | Killed an ettin
 22341 | Orc:1    | Reached skill level 17 in Stealth
 22752 | Orc:1    | Found Nuolo's Antique Weapon Boutique.
 22913 | Orc:2    | Entered Level 2 of the Orcish Mines
 23717 | Orc:2    | Found a staircase to the Elven Halls.
 23838 | Orc:2    | Reached skill level 10 in Short Blades
 26338 | Orc:2    | Found Poumnine's Jewellery Shop.
 26338 | Orc:2    | Found Barerch's Magic Scroll Emporium.
 26341 | Orc:2    | Found Qezolad's Antique Armour Shop.
 26341 | Orc:2    | Found Ugiahap's Weapon Emporium.
 26368 | Orc:2    | Bought a scroll of blinking for 105 gold pieces
 26368 | Orc:2    | Bought a scroll of enchant weapon for 105 gold pieces
 26772 | Lair:1   | Entered Level 1 of the Lair of Beasts
 26868 | Lair:1   | You fall through a shaft!
 26988 | Lair:2   | Noticed Harold
 26994 | Lair:2   | Killed Harold
 27066 | Lair:2   | Reached skill level 18 in Stealth
 27986 | Lair:3   | Found a hole to the Spider Nest.
 28478 | Abyss:3  | Noticed a starcursed mass
 28479 | Abyss:3  | Noticed a thorn hunter
 28479 | Abyss:3  | Noticed a starcursed mass
 28605 | Abyss:4  | Reached skill level 15 in Dodging
 28684 | Abyss:4  | Noticed a starcursed mass
 28686 | Lair:3   | Escaped the Abyss
 30202 | Lair:3   | Reached skill level 19 in Stealth
 30210 | Lair:3   | Reached XP level 14. HP: 60/70 MP: 18/18
 32698 | Lair:4   | Got a bloodstained quick blade
 32699 | Lair:4   | Identified the +9 quick blade of Responsibility {drain, rElec Int+3 Dex-3} (You acquired it on level 4 of the Lair of Beasts)
 32996 | Lair:4   | Found a staircase to the Shoals.
 33751 | Lair:5   | Reached skill level 20 in Stealth
 33991 | Lair:5   | HP: 5/108 [killer bee (4)]
 33992 | Lair:5   | HP: 1/108 [killer bee (4)]
 33992 | Lair:5   | Slain by a killer bee

Vault maps used:
D:1:      dpeg_arrival_water_fire
D:2:      first_ration, nicolae_tso_swordbearing_angel
D:3:      overflow_temple_1_default, grunt_temple_overflow_lords_of_destruction,
          uniq_ijyb
D:4:      kennysheep_mini, serial_shops, shop, kennysheep_generic_room_11,
          uniq_crazy_yiuf_cottage
D:5:      kennysheep_windowed_halls, overflow_temple_1_default,
          old_standard_altar, minmay_temple_entry_mist, serial_shops,
          shop_fountains, uniq_pikel
D:6:      kennysheep_kobold_camp, basic_altar, kennysheep_opposing_triangles
D:7:      old_standard_altar, lemuel_doored_altar,
          nicolae_ossuary_entry_false_entrances, grunt_ogre_cave,
          hangedman_decor_peaks_small, fedhas_altar_2
D:8:      serial_shops, kennysheep_mini_moat, uniq_prince_ribbit1, uniq_maurice,
          uniq_grum
D:9:      nicolae_overflow_hidden_temple, eat_drink_and_be_merry_uskayaw,
          orc_0_dummy, minmay_joined_circles
D:10:     lair_entry_dummy, serial_shops, nicolae_shop_stone, st_stairs_5
D:11:     uniq_fannar
D:12:     basic_altar, lab_entry_generic, uniq_josephine
D:13:     minmay_sliced_demisemicircle, erik_vaults_1, uniq_snorg
Lair:1:   basic_altar, lemuel_fruit_tree, uniq_erica
Lair:2:   beast_lair_carwin_9, uniq_harold
Lair:3:   spider_nest_entry_a, worms_lemuel
Lair:4:   minmay_shoals_entry_beasts
Lair:5:   wad_woods_minihive, kennysheep_rathole
Orc:1:    serial_shops, nicolae_shop_competitors_out_of_business,
          portal_ice_cave_entry_pillars_1, guppyfry_library_mini
Orc:2:    grunt_orc_tribal_feast
Abyss:1:  minivault_5, hangedman_stitches_earthworm
Abyss:3:  grunt_abyss_rune_forest_and_sorcery, nicolae_abyss_rune_left_handed,
          hangedman_abyss_or_decor_stagger
Abyss:4:  evilmike_abyss_exit_13, minivault_5, evilmike_abyss_exit_5,
          nicolae_abyss_rune_star_stuff
Lab:      labyrinth_green, lab_fountain, labyrinth_skeletal_remains,
          nicolae_lab_do_over, nicolae_lab_blocks, nicolae_lab_grate,
          nicolae_lab_arrow, nicolae_lab_flowing_pool, nicolae_lab_t_cross,
          nicolae_lab_grate_2, nicolae_lab_big_swirl, nicolae_lab_garden
Ossuary:  ossuary_tomb_1
IceCv:    ice_cave_caverns_01

Skill      XL: |  1  2  3  4  5  6  7  8  9 10 11 12 13 14 |
---------------+-------------------------------------------+-----
Dodging        | 4 5 6 7 8 10 11 12 15 | 15.6
Invocations    | 2 3 |  3.9
Fighting       | 3 4 5 6 7 |  7.2
Short Blades   | 3 4 5 6 7 8 9 10 | 10.5
Stealth        | 1 3 5 8 10 12 13 15 16 19 20 | 20.0
Shields        | 2 3 4 6 7 9 |  9.5
Evocations     | 1 2 3 4 |  4.3
Throwing       | |  0.1

Action                   |  1- 3 |  4- 6 |  7- 9 | 10-12 | 13-15 || total
-------------------------+-------+-------+-------+-------+-------++-------
Melee: Dagger            |    88 |    95 |   576 |  1242 |  1061 ||  3062
       Quick blade       |       |       |       |       |   300 ||   300
Throw: Throwing net      |       |       |       |     1 |     1 ||     2
Invok: Depart the Abyss  |     1 |       |       |       |     1 ||     2
       Banish            |       |       |       |     1 |     3 ||     4
       Enter the Abyss   |       |       |       |       |     1 ||     1
Evoke: Wand              |       |     2 |    11 |    13 |    11 ||    37
  Use: Scroll            |     2 |     1 |     9 |     9 |    10 ||    31
       Potion            |       |       |       |     5 |     4 ||     9
 Stab: Sleeping          |     1 |     7 |    18 |    42 |    34 ||   102
       Distracted        |       |       |     8 |    15 |    19 ||    42
       Held in net/web   |       |       |       |     2 |       ||     2
       Paralysed         |       |       |       |     1 |     1 ||     2
  Eat: Ration            |       |       |     3 |     9 |     8 ||    20
Armor: Robe              |     9 |     4 |    11 |    38 |    33 ||    95
Dodge: Dodged            |    61 |    61 |   274 |   670 |   605 ||  1671
Block: Buckler           |       |       |    15 |   364 |   310 ||   689

Table legend:
 A = Spawn XP
 B = Non-spawn XP
 C = Spawn XP percentage of total XP
 D = Spawn monster count
 E = Non-spawn monster count
 F = Spawn count percentage of total count
 G = Total turns spent on level
                    A         B        C        D         E        F      G
               +---------+---------+-------+---------+---------+-------+---------
         Total |     394 |   77604 |   0.5 |       2 |     615 |   0.3 | 33992
               +---------+---------+-------+---------+---------+-------+---------
           D:1 |       0 |      44 |   0.0 |       0 |      25 |   0.0 |  1008
           D:2 |       0 |      60 |   0.0 |       0 |       9 |   0.0 |   936
           D:3 |       0 |     299 |   0.0 |       0 |      30 |   0.0 |  1353
           D:4 |       0 |     400 |   0.0 |       0 |       8 |   0.0 |   967
           D:5 |       0 |    1605 |   0.0 |       0 |      29 |   0.0 |  2479
           D:6 |       0 |    2504 |   0.0 |       0 |      59 |   0.0 |  1950
           D:7 |       0 |     884 |   0.0 |       0 |      15 |   0.0 |  1293
           D:8 |       0 |    2257 |   0.0 |       0 |      27 |   0.0 |   751
           D:9 |       0 |    1626 |   0.0 |       0 |      31 |   0.0 |  1370
          D:10 |       0 |    3932 |   0.0 |       0 |      27 |   0.0 |  2079
          D:11 |       0 |    4643 |   0.0 |       0 |      35 |   0.0 |  1869
          D:12 |       0 |    5449 |   0.0 |       0 |      21 |   0.0 |  1552
          D:13 |       0 |    3087 |   0.0 |       0 |      18 |   0.0 |   494
        Lair:1 |       0 |     571 |   0.0 |       0 |       3 |   0.0 |    96
        Lair:2 |       0 |    7094 |   0.0 |       0 |      23 |   0.0 |  2496
        Lair:3 |       0 |    7701 |   0.0 |       0 |      35 |   0.0 |  2572
        Lair:4 |       0 |    5040 |   0.0 |       0 |      22 |   0.0 |  1037
        Lair:5 |       0 |    3577 |   0.0 |       0 |      47 |   0.0 |   694
         Orc:1 |       0 |    3456 |   0.0 |       0 |      16 |   0.0 |  2385
         Orc:2 |       0 |    7731 |   0.0 |       0 |      42 |   0.0 |  1869
       Abyss:1 |     180 |     269 |  40.1 |       1 |       1 |  50.0 |    88
       Abyss:3 |       0 |    2490 |   0.0 |       0 |       3 |   0.0 |    71
       Abyss:4 |     214 |       0 | 100.0 |       1 |       0 | 100.0 |   246
           Lab |       0 |    3047 |   0.0 |       0 |       9 |   0.0 |  1062
       Ossuary |       0 |     294 |   0.0 |       0 |      37 |   0.0 |   303
         IceCv |       0 |    9544 |   0.0 |       0 |      43 |   0.0 |  2911
               +---------+---------+-------+---------+---------+-------+---------
